 Dungeon Sprint DCSS version 0.17-a0-2093-gc772f4b (webtiles) character file.

66 Kidiri the Magician (level 3, -2/24 HPs)
             Began as a High Elf Fire Elementalist on Oct 16, 2015.
             Was a Follower of Vehumet.
             Slain by a worker ant (5 damage)
             ... in the Dungeon (Sprint VII: "The Pits").
             The game lasted 00:01:43 (195 turns).

Kidiri the Magician (High Elf Fire Elementalist)     Turns: 195, Time: 00:01:43

Health: -2/24      AC:  2    Str:  7    XL:     3   Next: 96%
Magic:  3/10       EV: 14    Int: 19    God:    Vehumet [*.....]
Gold:   0          SH:  0    Dex: 16    Spells: 1 memorised, 10 levels left

rFire  . . .     SeeInvis .     p - +2 quarterstaff
rCold  . . .     Clarity  .     a - +0 robe
rNeg   . . .     SustAt   .     (no shield)
rPois  .         Gourm    .     (no helmet)
rElec  .         Spirit   .     (no cloak)
rCorr  .         Warding  .     (no gloves)
rMut   .         NoTele   +     (no boots)
MR     .....                    (no amulet)
Stlth  ++........               (no ring)
                                (no ring)

@: lethally poisoned (-2 -> -11), not resistant to hostile enchantments,
unstealthy
A: no striking features
a: Renounce Religion


You were in the Dungeon.
You worshipped Vehumet.
Vehumet was aware of your devotion.
You were not hungry.

You visited 1 branch

Inventory:

Hand Weapons
 p - a +2 quarterstaff (weapon)
Armour
 a - a +0 robe (worn)
Scrolls
 i - a scroll of blinking
 m - 3 scrolls of remove curse
 n - 5 scrolls of amnesia
 o - a scroll of summoning
Potions
 f - a potion of haste
 g - 4 potions of magic
 h - 3 potions of berserk rage
 l - 2 potions of invisibility
Books
 b - a book of Flames

   Spells                             Type                      Level
   a - Flame Tongue                   Conjuration/Fire             1
   b - Throw Flame                    Conjuration/Fire             2
   c - Conjure Flame                  Conjuration/Fire             3
   d - Inner Flame                    Hexes/Fire                   3
   e - Sticky Flame                   Conjuration/Fire             4
   f - Fireball                       Conjuration/Fire             5
Comestibles
 c - 8 bread rations
 j - 40 fruits
 k - 7 meat rations


   Skills:
 + Level 1.9 Fighting
 + Level 2.1 Staves
 + Level 2.0 Armour
 * Level 4.2 Dodging
 - Level 2.1 Stealth
 * Level 4.5 Spellcasting
 + Level 2.6 Conjurations
 * Level 4.5 Fire Magic


You had 10 spell levels left.
You knew the following spells:

 Your Spells              Type           Power        Failure   Level  Hunger
a - Flame Tongue          Conj/Fire      ###..        3%          1    None


Dungeon Overview and Level Annotations

Branches:
Dungeon (1/1)

Altars:
Ashenzari
Cheibriados
Dithmenos
Elyvilon
Fedhas
Gozag
Kikubaaqudgha
Makhleb
Nemelex Xobeh
Okawaru
Qazlal
Ru
Sif Muna
Trog
Vehumet
Xom
Yredelemnul
Zin
The Shining One
Beogh
Jiyva
Lugonu


Message History

There is an open door to the Storerooms (Easy) here.
The worker ant completely misses you. The worker ant bites you!
Your magical contamination has completely faded away.
The worker ant bites you!
* * * LOW HITPOINT WARNING * * *
The worker ant misses you.
Drink which item? (? for menu, Esc to quit)
You feel better. The worker ant bites you.
* * * LOW HITPOINT WARNING * * *
You are lethally poisoned!
The worker ant poisons you!
Unknown command.
Drink which item? (? for menu, Esc to quit)
Okay, then.
You hit the worker ant.
The worker ant is moderately wounded.
* * * LOW HITPOINT WARNING * * *
You feel sick. The worker ant bites you.
You die...

##### ____# ____#
+##############++######
.+..##................#
.#?|##......#..#......#
+#####................+
.....'..........@.....+
'#####......#..#a.....#
.# #................#
.# ####+#####++######
## #.......# #.......#
#.......# #...<...#
#.......#


You could see a worker ant.

Vanquished Creatures
  A brain worm (D)
  A bat zombie (D)
  A hobgoblin (D)
  A giant newt (D)
4 creatures vanquished.

Notes
Turn   | Place    | Note
--------------------------------------------------------------
     0 | D        | Kidiri the High Elf Fire Elementalist began the quest for the Orb.
     0 | D        | Reached XP level 1. HP: 11/11 MP: 4/4
    68 | D        | Found a sacrificial altar of Ru.
    68 | D        | Found a basalt altar of Yredelemnul.
    68 | D        | Found a shadowy altar of Dithmenos.
    68 | D        | Found a deep blue altar of Sif Muna.
    68 | D        | Found a burning altar of Makhleb.
    68 | D        | Found a shimmering altar of Xom.
    68 | D        | Found an ancient bone altar of Kikubaaqudgha.
    68 | D        | Found a sparkling altar of Nemelex Xobeh.
    72 | D        | Found a bloodstained altar of Trog.
    72 | D        | Found a corrupted altar of Lugonu.
    72 | D        | Found a viscous altar of Jiyva.
    85 | D        | Found a glowing golden altar of the Shining One.
    85 | D        | Found a glowing silver altar of Zin.
    94 | D        | Found a shattered altar of Ashenzari.
    94 | D        | Found a white marble altar of Elyvilon.
    94 | D        | Found a snail-covered altar of Cheibriados.
    94 | D        | Found a blossoming altar of Fedhas.
    94 | D        | Found a radiant altar of Vehumet.
    94 | D        | Found a roughly hewn altar of Beogh.
    94 | D        | Found an iron altar of Okawaru.
   100 | D        | Found a stormy altar of Qazlal.
   100 | D        | Found an opulent altar of Gozag.
   102 | D        | Became a worshipper of Vehumet
   162 | D        | Noticed a brain worm
   162 | D        | Noticed a worker ant
   176 | D        | Killed a brain worm
   176 | D        | Reached * piety under Vehumet
   176 | D        | Offered knowledge of Sting by Vehumet.
   176 | D        | Reached skill level 1 in Fighting
   176 | D        | Reached skill level 4 in Dodging
   176 | D        | Reached XP level 2. HP: 14/19 MP: 0/8
   176 | D        | Reached XP level 3. HP: 17/24 MP: 0/10
   191 | D        | HP: 1/24 [worker ant (8)]
   195 | D        | Slain by a worker ant

Vault maps used:
D:        pitsprint

Action                   || total
-------------------------++-------
Melee: Quarterstaff      ||     6
 Cast: Flame Tongue      ||     8
  Use: Potion            ||     2
